Dungeon Crawl Stone Soup version 0.4-svn (crawl-ref) character file.

263 klutometis the Skirmisher (level 4, -1/31 HPs) Began as a Human Fighter on Feb 29, 2008. Killed by divine providence ... invoked by an orc priest (12 damage) ... on Level 3 of the Dungeon. Dgl's game lasted 00:23:16 (2869 turns). klutometis the Skirmisher (263 points) Race : Human Res.Fire : . . . See Invis. : . Class : Fighter Res.Cold : . . . Warding : . Worship : No God Life Prot.: . . . Conserve : . Level : 4 Res.Poison: . Res.Corr. : . Exp : 104 Res.Elec. : . Saprovore : . . . Next Level : 140 Exp Needed : 36 Sust.Abil.: . Rnd.Telep. : . Spls.Left : 3 Res.Mut. : . Ctrl.Telep.: . Gold : 191 Res.Slow : . Levitation : . Clarity : . Ctrl.Flight: . HP : -1/31 MP : 3 Weapon : +1,+2 short sword Str : 15 Armour : +0 scale mail Int : 11 Shield : +0 shield Dex : 11 Helmet : +0 helmet AC : 6 Cloak : Evasion : 6 Gloves : Shield : 5 Boots : Amulet : Play time : 00:23:16 Ring : Turns : 2869 Ring :


You were on level 3 of the Dungeon.
You were not hungry.

You visited 1 branch of the dungeon, and saw 3 of its levels.

Inventory:

Hand weapons
 d - a +0,+0 blowgun
   (You took it off a kobold on level 3 of the Dungeon)
 f - a +1,+2 short sword (weapon)
   (You found it on level 1 of the Dungeon)
 h - a +0,+0 dagger
   (You took it off a goblin on level 1 of the Dungeon)
 o - a +1,+2 orcish dagger
   (You took it off a goblin on level 1 of the Dungeon)
 r - a +0,+0 knife
   (You found it on level 2 of the Dungeon)
 x - a +0,+0 knife
   (You found it on level 3 of the Dungeon)
Missiles
 e - 19 poisoned +1 needles
 p - 22 +0 bolts
 t - 35 poisoned +0 orcish arrows
 v - 27 +0 arrows
Armour
 b - a +0 scale mail (worn) (Original Equipment)
 c - a +0 shield (worn) (Original Equipment)
 m - a +0 helmet (worn)
   (You found it on level 1 of the Dungeon)
 q - a +1 robe
   (You found it on level 2 of the Dungeon)
Scrolls
 g - 3 scrolls of identify
 i - 5 scrolls of remove curse
 j - 4 scrolls of detect curse
 k - a scroll of enchant weapon I
 n - a scroll of curse weapon
 s - a scroll of enchant weapon II
 u - a scroll of teleportation
 w - a scroll of recharging
Potions
 a - 3 potions of healing
 y - a potion of speed You had 0 experience left.


   Skills:
 + Level 3 Fighting
 + Level 2 Short Blades
 + Level 2 Darts
 + Level 2 Throwing
 + Level 2 Armour
 + Level 1 Stabbing
 + Level 2 Shields


You had 3 spell levels left.
You didn't know any spells.

Overview of the Dungeon You didn't discover anything interesting.


Message History

You hit the orc.
You kill the orc!
You miss the orc priest.
The orc priest hits you with an orcish dagger.
You block the orc priest's attack.
You miss the orc priest. The orc priest misses you.
You hit the orc priest, but do no damage.
The orc priest hits you but doesn't do any damage.
You miss the orc priest.
The orc priest mumbles some strange prayers.
Pain shoots through your body!
You hit the orc priest, but do no damage.
The orc priest prays.
Something smites you!

###.#.###.##.##########
#.#...#.##..........#
#.......##>.........#
#..##.(.............#
#..##.).##.###..<...#
#..##.#.##.# #......#
#.....#.##.# #......#
#...###.##.# #......#
######.##...##.# #@o....#
..........####.# ###.####
...........# #.#####.....#
########...###.....+.....#
#........####.....#
#...####.# #.....# #)..#
..# ......# #...# #...
......# # #...# #.#.
......

Vanquished Creatures
  Monster Symbol All 'a'
  A giant cockroach
1 creature vanquished. All 'b' 4 giant bats
4 creatures vanquished. All 'g' 3 goblins 5 hobgoblins
8 creatures vanquished. All 'J' An ooze
1 creature vanquished. All 'K' 13 kobolds
13 creatures vanquished. All 'l' 2 giant newts
2 creatures vanquished. All 'o' 3 orcs
3 creatures vanquished. All 'r' A quokka 2 rats
3 creatures vanquished. All 'S' 2 snakes 3 small snakes
5 creatures vanquished. All 'w' 2 worms
2 creatures vanquished.
42 creatures vanquished. Monster Nature Natural Monsters 2 worms 2 snakes An ooze A giant cockroach 3 goblins 5 hobgoblins 3 orcs A quokka 3 small snakes 4 giant bats 2 giant newts 13 kobolds 2 rats
42 creatures vanquished.
42 creatures vanquished. Ascending Order An ooze A giant cockroach A quokka 2 worms 2 snakes 2 giant newts 2 rats 3 orcs 3 small snakes 3 goblins 4 giant bats 5 hobgoblins 13 kobolds
42 creatures vanquished.

Notes
Turn   | Place    | Note
--------------------------------------------------------------
     0 | D:1      | klutometis, the Human Fighter, began the quest for the Orb.
     0 | D:1      | Reached XP level 1. HP: 15/15 MP: 0/0
   517 | D:1      | Reached XP level 2. HP: 17/21 MP: 1/1
  1086 | D:1      | Reached XP level 3. HP: 25/25 MP: 2/2
  1301 | D:2      | Reached skill 1 in Darts
  2178 | D:2      | Reached XP level 4. HP: 30/31 MP: 3/3
  2607 | D:3      | HP: 1/31 [poison]
  2855 | D:3      | Noticed an orc priest
  2869 | D:3      | Killed from afar by an orc priest
